 Dungeon Crawl Stone Soup version 0.31-a0-986-g5e6e4ef867 (webtiles) character file.

Game seed: 3371268018622798094

45339 Pooter the Marksminotaur (level 14, -3/195 HPs)
             Began as a Minotaur Berserker on Nov 11, 2023.
             Was a Priest of Trog.
             Slain by a fire crab (9 damage)
             ... on level 5 of the Lair of Beasts.
             The game lasted 01:24:51 (20036 turns).

Pooter the Marksminotaur (Minotaur Berserker)      Turns: 20036, Time: 01:24:52

Health: -3/195     AC: 11    Str: 24    XL:     14   Next: 0%
Magic:  13/13      EV: 12    Int:  6    God:    Trog [***...]
Gold:   649        SH:  5    Dex: 11    Spells: 13/13 levels left

rFire   . . .        a - +2 war axe (flame)
rCold   + . .        (no shield)
rNeg    + . .        i - +0 swamp dragon scales
rPois   +            (helmet restricted)
rElec   .            M - +0 cloak {Stlth+}
rCorr   .            (no gloves)
SInv    .            G - +2 pair of boots
Will    +....        w - amulet of reflection Stlth
                     I - ring of protection from cold
HPRegen 0.52/turn    N - ring of positive energy
MPRegen 0.13/turn

%: reflection
@: berserking, very quick
A: horns 2, retaliatory headbutt
a: Renounce Religion, Berserk, Trog's Hand


You were on level 5 of the Lair of Beasts.
You worshipped Trog.
Trog was most pleased with you.
You visited 2 branches of the dungeon, and saw 15 of its levels.

You collected 921 gold pieces.
You spent 272 gold pieces at shops.

Inventory:

Hand Weapons
 a - a +2 war axe of flaming (weapon)
   (You took it off an orc priest on level 6 of the Dungeon)
 b - a +3 orcbow of draining
   (You bought it in a shop on level 4 of the Dungeon)
 l - a +0 halberd of flaming
   (You took it off Maggie on level 6 of the Dungeon)
 B - a +0 spear of venom
   (You took it off a gnoll on level 3 of the Dungeon)
 H - a +2 morningstar of draining
   (You took it off an orc priest on level 7 of the Dungeon)
 L - a +0 battleaxe
   (You took it off an orc warrior on level 10 of the Dungeon)
Missiles
 g - a throwing net {!f}
 o - 5 boomerangs
 u - 3 curare-tipped darts
 v - 26 poisoned darts (quivered)
 Q - 152 stones
Armour
 i - +0 swamp dragon scales (worn)
   (You took it off Maggie on level 6 of the Dungeon)
 G - a +2 pair of boots (worn)
   (You found it on level 7 of the Dungeon)
 K - a +1 plate armour
   (You took it off an orc warrior on level 8 of the Dungeon)
 M - a +0 cloak of stealth (worn)
   (You took it off Maurice on level 8 of the Dungeon)
Jewellery
 w - an amulet of reflection (around neck)
   (You found it on level 4 of the Dungeon)
 C - a ring of resist corrosion
   (You found it on level 4 of the Lair of Beasts)
 I - a ring of protection from cold (left hand)
   (You found it on level 10 of the Dungeon)
 N - a ring of positive energy (right hand)
   (You found it on level 6 of the Dungeon)
 S - a ring of see invisible
   (You found it on level 1 of the Dungeon)
Wands
 f - a wand of flame (33)
   (You found it on level 8 of the Dungeon)
 x - a wand of roots (34)
   (You found it on level 4 of the Dungeon)
 A - a wand of mindburst (14)
   (You found it on level 8 of the Dungeon)
 D - a wand of digging (10)
   (You found it on level 2 of the Lair of Beasts)
 E - a wand of charming (3)
   (You found it on level 7 of the Dungeon)
 F - a wand of quicksilver (5)
   (You took it off a gnoll on level 7 of the Dungeon)
Scrolls
 d - 2 scrolls of noise {!r}
 q - 4 scrolls of blinking
 r - 5 scrolls of silence
 t - 9 scrolls of teleportation {@r4}
 y - 3 scrolls of fog
 z - 2 scrolls of poison {!r}
 O - a scroll of fear
Potions
 c - 3 potions of mutation {!q}
 e - 2 potions of might
 h - 4 potions of heal wounds {@q2}
 j - a potion of enlightenment
 m - 8 potions of curing {@q1}
 n - 4 potions of attraction {!q}
 p - a potion of invisibility
 s - 3 potions of resistance
 J - a potion of haste {unknown}
 P - a potion of brilliance {unknown}


   Skills:
 + Level 13.6 Fighting
 - Level 15.2(16.5) Axes
 + Level 11.0(14.5) Maces & Flails
 - Level 16.0 Ranged Weapons
 - Level 2.4 Armour
 + Level 4.8 Dodging
 + Level 3.3 Evocations


You had 13 spell levels left.
You didn't know any spells.
Your spell library was empty.

Dungeon Overview and Level Annotations

Branches:
Dungeon (10/15) Zot: 25757  Temple (0/1) D:6            Lair (5/5) D:8 Zot: 20536
 Shoals (0/4) Lair:2       Spider (0/4) Lair:2        Slime (0/5) Lair:4
    Orc: D:9-12

Altars:
Ashenzari
Fedhas
Gozag
Hepliaklqana
Kikubaaqudgha
Makhleb
Nemelex Xobeh
Okawaru
Sif Muna
Uskayaw
The Shining One

Shops:
D:1 *   D:4 (


Innate Abilities, Weirdness & Mutations

You have a pair of horns on your head.
You reflexively headbutt those who attack you in melee.


Message History

The fire crab breathes flames at you.
The blast of flame engulfs you but does no damage.
You shoot an arrow.
The arrow hits the fire crab but does no damage.
You drain the fire crab.
You are engulfed in blazing flames.
You shoot an arrow. The arrow barely misses the fire crab.
You are engulfed in blazing flames.
You shoot an arrow.
The arrow hits the fire crab but does no damage.
You drain the fire crab.
You are engulfed in blazing flames.
The fire crab breathes flames at you.
The blast of flame engulfs you but does no damage.
You shoot an arrow.
The arrow completely misses the fire crab.
You are engulfed in blazing flames.
The fire crab breathes flames at you.
The blast of flame engulfs you but does no damage.
You shoot an arrow. The arrow hits the fire crab!
You are engulfed in blazing flames.
Your +2 war axe of flaming bursts into flame!
a - a +2 war axe of flaming (weapon)
The fire crab breathes flames at you.
The blast of flame engulfs you but does no damage.
The fire crab bites you.
You are engulfed in flames!
The fire crab claws you.
You are engulfed in flames!
* * * LOW HITPOINT WARNING * * *
You hit the fire crab. The fire crab breathes flames at you.
The blast of flame engulfs you.
* * * LOW HITPOINT WARNING * * *
You slash the fire crab! You headbutt the fire crab.
You are engulfed in blazing flames.
* * * LOW HITPOINT WARNING * * *
A red film seems to cover your vision as you go berserk!
You feel yourself moving faster!
You feel mighty!
You are engulfed in blazing flames.
* * * LOW HITPOINT WARNING * * *
The fire crab bites you.
* * * LOW HITPOINT WARNING * * *
You are engulfed in flames!
* * * LOW HITPOINT WARNING * * *
The fire crab claws you!
* * * LOW HITPOINT WARNING * * *
You are engulfed in flames!
* * * LOW HITPOINT WARNING * * *
You barely miss the fire crab. You headbutt the fire crab!
You are engulfed in blazing flames.
The fire crab bites you.
* * * LOW HITPOINT WARNING * * *
You are engulfed in flames!
You die...

............#
...........# ...........
...........# #..........
...........# #..........
..........# ##..........
..........###...........
...........##.°.........
...<......#.#..°........
...............°@t°.....
..#..#....##..°°°°......
.###.#####....°°°.......
. ### ##P............
##............
#............
.............
..............


You could see a fire crab (drained).

Vanquished Creatures
  A dire elephant (Lair:3)
  A hydra (Lair:4)
  2 alligators (Lair:3)
  A two-headed ogre (D:10)
  6 death yaks
  3 skysharks
  A lindwurm (Lair:3)
  An ugly thing (D:6)
  2 oklob plants (Lair:4)
  8 elephants (Lair:4)
  6 black mambas
  Maurice (D:8)
  2 torpor snails
  16 cane toads
  Maggie (D:6)
  4 rime drakes
  7 komodo dragons
  2 trolls
  2 hornets
  Prince Ribbit (D:8)
  20 blink frogs
  Sigmund (D:6)
  6 wyverns
  A shadow (D:10)
  2 wraiths
  5 basilisks
  46 yaks
  3 steam dragons (Lair:3)
  21 water moccasins
  Duvessa (D:7)
  An acid dragon (D:7)
  A sky beast (D:8)
  3 black bears
  6 orc warriors
  An ice beast (D:5)
  An ogre (D:5)
  16 wolves
  4 centaurs
  2 phantoms
  3 kobold brigands
  12 bullfrogs
  2 gnoll sergeants
  5 scorpions
  11 wights
  Dowan (D:7)
  2 electric eels
  4 hounds
  A jelly (D:8)
  2 gnoll boudas
  5 orc priests
  2 iguanas
  3 sleepcaps
  7 orc wizards
  A hell rat (Lair:3)
  8 adders
  25 gnolls
  2 shadow imps
  2 white imps
  2 ufetubi (D:6)
  2 worms
  44 orcs
  7 ball pythons
  5 endoplasms
  5 giant cockroaches
  12 goblins
  5 hobgoblins
  3 jackals (D:5)
  6 quokkas
  5 bats
  4 frilled lizards
  17 kobolds
  5 rats
429 creatures vanquished.

Vanquished Creatures (others)
  An orc priest (D:10)
1 creature vanquished.

Grand Total: 430 creatures vanquished

Notes
Turn   | Place    | Note
-------+----------+-------------------------------------------
     0 | D:1      | Pooter the Minotaur Berserker began the quest for the Orb.
     0 | D:1      | Reached XP level 1. HP: 19/19 MP: 0/0
   164 | D:1      | Reached skill level 1 in Ranged Weapons
   166 | D:1      | Reached XP level 2. HP: 27/27 MP: 1/1
   421 | D:1      | Found Bokosch's Assorted Antiques.
   429 | D:1      | Bought a black potion for 17 gold pieces
   429 | D:1      | Bought a golden potion for 17 gold pieces
   429 | D:1      | Bought an inky potion for 17 gold pieces
   429 | D:1      | Bought a scroll labelled UGOOR OWICKOI for 19 gold pieces
   429 | D:1      | Bought a scroll labelled UGOOR OWICKOI for 19 gold pieces
   703 | D:2      | Reached XP level 3. HP: 30/33 MP: 2/2
   937 | D:2      | Reached ** piety under Trog
  1021 | D:2      | Reached skill level 2 in Ranged Weapons
  1155 | D:2      | Reached XP level 4. HP: 40/40 MP: 3/3
  1652 | D:3      | Reached skill level 5 in Axes
  1926 | D:3      | Reached skill level 3 in Ranged Weapons
  2098 | D:3      | Reached XP level 5. HP: 47/47 MP: 4/4
  2759 | D:4      | Found Vuilups's Weapon Boutique.
  2885 | D:4      | Found a sparkling altar of Nemelex Xobeh.
  3059 | D:4      | Found a burning altar of Makhleb.
  3232 | D:4      | Noticed a phantom
  3247 | D:4      | Killed a phantom
  3293 | D:4      | Reached skill level 4 in Ranged Weapons
  3293 | D:4      | Reached XP level 6. HP: 55/55 MP: 5/5
  3376 | D:4      | Reached skill level 5 in Fighting
  3570 | D:5      | Entered Level 5 of the Dungeon
  3630 | D:5      | Noticed an ice beast
  3655 | D:5      | Killed an ice beast
  3656 | D:5      | Reached XP level 7. HP: 54/61 MP: 6/6
  3713 | D:5      | Reached skill level 5 in Ranged Weapons
  3986 | D:5      | Found a blossoming altar of Fedhas.
  4183 | D:5      | Found a large runed translucent door.
  4183 | D:5      | Found a large runed translucent door.
  4291 | D:5      | Reached *** piety under Trog
  4445 | D:5      | Reached skill level 6 in Ranged Weapons
  4483 | D:5      | Found a glowing golden altar of the Shining One.
  4486 | D:5      | Found a hide-covered altar of Uskayaw.
  4593 | D:4      | Bought a +2 orcbow of draining for 183 gold pieces
  4755 | D:6      | Noticed a white ugly thing
  4762 | D:6      | Killed a white ugly thing
  4763 | D:6      | Reached skill level 7 in Ranged Weapons
  4763 | D:6      | Reached XP level 8. HP: 71/71 MP: 7/7
  4880 | D:6      | Noticed Maggie
  4890 | D:6      | Killed Maggie
  5361 | D:6      | Noticed Sigmund
  5371 | D:6      | Killed Sigmund
  5372 | D:6      | Reached skill level 8 in Ranged Weapons
  5372 | D:6      | Reached XP level 9. HP: 79/79 MP: 8/8
  5528 | D:6      | Found a staircase to the Ecumenical Temple.
  5632 | D:6      | Found a faded altar of an unknown god.
  5632 | D:6      | Found a hazy altar of Hepliaklqana.
  5635 | D:6      | Found a faded altar of an unknown god.
  5694 | D:7      | Noticed Duvessa
  5695 | D:7      | Noticed Dowan
  5704 | D:7      | Killed Duvessa
  5759 | D:7      | Killed Dowan
  5760 | D:7      | Reached skill level 10 in Axes
  6462 | D:7      | Reached skill level 9 in Ranged Weapons
  6470 | D:7      | HP: 4/81 [wight/+4 great sword (18)]
  7107 | D:8      | Reached skill level 1 in Maces & Flails
  7623 | D:8      | Noticed Prince Ribbit
  7643 | D:8      | Found a staircase to the Lair.
  7883 | D:8      | Found an ancient bone altar of Kikubaaqudgha.
  7907 | D:8      | Found an iron altar of Okawaru.
  8087 | D:8      | Killed Prince Ribbit
  8138 | D:8      | Noticed a troll
  8144 | D:8      | Killed a troll
  8145 | D:8      | Reached XP level 10. HP: 86/90 MP: 9/9
  8326 | D:8      | Noticed Maurice
  8345 | D:8      | Killed Maurice
  8346 | D:8      | Reached skill level 10 in Ranged Weapons
  8410 | D:8      | Found a shimmering blue altar of Sif Muna.
  8696 | D:9      | Found a broken altar of Ashenzari.
  8750 | D:9      | Reached skill level 5 in Maces & Flails
  9346 | D:10     | Entered Level 10 of the Dungeon
  9373 | D:10     | Noticed a two-headed ogre
  9381 | D:10     | Killed a two-headed ogre
  9715 | D:10     | Reached skill level 11 in Ranged Weapons
 10074 | D:10     | Found an opulent altar of Gozag.
 10477 | Lair:1   | Entered Level 1 of the Lair of Beasts
 10478 | Lair:1   | Noticed a cane toad
 10485 | Lair:1   | Killed a cane toad
 10486 | Lair:1   | Reached XP level 11. HP: 97/97 MP: 10/10
 10912 | Lair:1   | You fall into a shaft and drop 1 floor!
 11216 | Lair:2   | Found a hole to the Spider Nest.
 11389 | Lair:1   | Reached skill level 10 in Fighting
 11389 | Lair:1   | Reached skill level 12 in Ranged Weapons
 12393 | Lair:1   | Reached skill level 13 in Ranged Weapons
 12930 | Lair:1   | Reached XP level 12. HP: 106/108 MP: 11/11
 13532 | Lair:2   | Found a staircase to the Shoals.
 14702 | Lair:3   | Reached skill level 14 in Ranged Weapons
 15144 | Lair:3   | Reached skill level 15 in Axes
 15714 | Lair:3   | Noticed a death yak
 15726 | Lair:3   | Noticed a dire elephant
 15748 | Lair:3   | Killed a dire elephant
 16355 | Lair:3   | Noticed an alligator
 16355 | Lair:3   | Noticed a death yak
 16355 | Lair:3   | Noticed an alligator
 16369 | Lair:3   | Killed an alligator
 16372 | Lair:3   | Killed an alligator
 16377 | Lair:3   | Reached XP level 13. HP: 92/118 MP: 12/12
 16399 | Lair:3   | Reached skill level 15 in Ranged Weapons
 16969 | Lair:4   | Reached **** piety under Trog
 17440 | Lair:4   | Found a staircase to the Slime Pits.
 17883 | Lair:4   | Reached skill level 10 in Maces & Flails
 18068 | Lair:4   | Reached skill level 16 in Ranged Weapons
 18395 | Lair:5   | Entered Level 5 of the Lair of Beasts
 18400 | Lair:5   | Reached skill level 1 in Evocations
 20012 | Lair:5   | Reached XP level 14. HP: 129/129 MP: 13/13
 20035 | Lair:5   | HP: 7/195 [fire crab (10)]
 20036 | Lair:5   | Slain by a fire crab

Illustrated notes

Levels and vault maps discovered:
D:1:      scummos_arrival_simple_fountains, layout_basic, serial_shops, shop,
          minmay_pentomino_x2
D:2:      layout_loops_corners, minmay_misc_feat_nine_boxes
D:3:      layout_basic
D:4:      kennysheep_the_goblin_king, layout_gridville,
          mainiacjoe_overflow_cross_hatched, kennysheep_little_box,
          serial_shops, shop, serial_co_window_serial, co_window_paths_a,
          co_window_corner_a, co_window_corner_a, co_window_cross_1,
          co_window_paths_a, co_window_2corner, co_window_corner_b,
          co_window_corner_b, co_window_sun, glass_columns_b, glass_columns_a,
          glass_columns_a
D:5:      layout_rooms, fedhas_altar_1, jmf_multi_god_temple2
D:6:      layout_rooms, nicolae_hepliaklqana_ecumenical_no_more,
          minmay_temple_entry_glassed_door, nicolae_titane, uniq_maggie,
          uniq_sigmund
D:7:      layout_basic, dreamdust_gnoll_farm, uniq_duvessa
D:8:      layout_loops_ring, tgw_sif, mainiacjoe_overflow_two_lobes,
          dpeg_oklobed_lair, st_stairs_5, uniq_prince_ribbit1, uniq_maurice
D:9:      layout_roguey, mainiacjoe_overflow_24_doors
D:10:     layout_rooms, marbit_many_paths
Lair:1:   layout_loops_ring, pdpol_lair_cavern_descent
Lair:2:   layout_regular_city, shoals_dummy_entry, spider_nest_entry_web_field
Lair:3:   layout_roguey, nicolae_lair_lakeside_cave
Lair:4:   layout_gridlike, minmay_slime_entry_oklob_enclosed
Lair:5:   evil_forest, layout_cave_pods, grunt_megastairs_3, uniq_kirke

Skill      XL: |  1  2  3  4  5  6  7  8  9 10 11 12 13 14 |
---------------+-------------------------------------------+-----
Ranged Weapons | 1 2 3 4 7 8 9 11 13 14 16 | 16.0
Axes           | 4 5 6 8 9 11 12 13 15 | 15.2
Fighting       | 4 5 6 7 8 9 10 12 13 | 13.6
Maces & Flails | 3 7 8 10 11 | 11.0
Evocations     | 3 |  3.3
Dodging        | 4 |  4.8
Armour         | |  2.4

Action                     |  1- 3 |  4- 6 |  7- 9 | 10-12 | 13-15 || total
---------------------------+-------+-------+-------+-------+-------++-------
  Melee: Hand axe          |    37 |     7 |       |       |       ||    44
         Headbutt          |     6 |    13 |    36 |    71 |    36 ||   162
         Spear             |       |   113 |   100 |       |       ||   213
         Punch             |       |       |     2 |     4 |     3 ||     9
         Halberd           |       |       |    16 |       |       ||    16
         War axe           |       |       |    63 |    18 |   152 ||   233
         Morningstar       |       |       |    28 |   314 |    22 ||   364
         Battleaxe         |       |       |       |    54 |       ||    54
   Fire: Sling             |    56 |    39 |     3 |       |       ||    98
         Orcbow            |       |       |    94 |   267 |   136 ||   497
  Throw: Dart              |       |     4 |     5 |    13 |     1 ||    23
 Invoke: Berserk           |     2 |     3 |    10 |    12 |     8 ||    35
         Trog's Hand       |       |     1 |     6 |    14 |    10 ||    31
  Evoke: Wand              |       |       |     1 |    13 |     6 ||    20
    Use: Scroll            |     3 |     3 |    12 |     9 |     2 ||    29
         Potion            |       |       |     1 |     1 |     2 ||     4
 Armour: Animal skin       |    21 |    16 |       |       |       ||    37
         Scale mail        |       |    15 |       |       |       ||    15
         Chain mail        |       |    26 |   190 |     5 |       ||   221
         Plate armour      |       |       |       |    98 |       ||    98
         Swamp dragon scal |       |       |       |   214 |   228 ||   442
  Dodge: Dodged            |    43 |    52 |    86 |   176 |   115 ||   472
  Block: Other             |       |    12 |    79 |    81 |    42 ||   214
         Reflection        |       |       |     4 |       |       ||     4

Table legend: (Time is in decaauts)
 A = Elapsed time spent in this place.
 B = Non-inter-level travel time spent in this place.
 C = Inter-level travel time spent in this place.
 D = Time resting spent in this place.
 E = Time spent auto-exploring this place.
 F = Levels seen in this place.
 G = Mean time per level.
                   A        B        C        D        E       F      G
               +--------+--------+--------+--------+--------+-----+--------+
         Total |  20276 |  19463 |    813 |   7910 |   8296 |  15 | 1351.7 |
       Dungeon |  10813 |  10333 |    480 |   3205 |   5282 |  10 | 1081.3 |
          Lair |   9462 |   9130 |    332 |   4704 |   3013 |   5 | 1892.4 |
               +--------+--------+--------+--------+--------+-----+--------+

Top non-repeatable levels by time:
  Lair:4: 2994 daAuts
  Lair:3: 2923 daAuts
  Lair:1: 2253 daAuts
     D:8: 1644 daAuts
     D:7: 1386 daAuts
     D:4: 1312 daAuts
     D:6: 1182 daAuts
  Lair:2: 1179 daAuts
    D:10: 1095 daAuts
     D:2: 1009 daAuts
     D:5: 918 daAuts
     D:9: 843 daAuts
     D:3: 713 daAuts
     D:1: 709 daAuts
  Lair:5: 112 daAuts
